 Dungeon Crawl Stone Soup version 0.26.1-11-gd32895ea62 (webtiles) character file.

Game seed: 7776515917360029431

135 tizbic2 the Twirler (level 4, -1/57 HPs)
             Began as a Minotaur Gladiator on June 25, 2021.
             Slain by Sigmund
             ... wielding a +0 scythe of venom
              (11 damage)
             ... on level 3 of the Dungeon.
             The game lasted 00:14:30 (1698 turns).

tizbic2 the Twirler (Minotaur Gladiator)            Turns: 1698, Time: 00:14:31

Health: -1/57      AC:  6    Str: 19    XL:     4   Next: 96%
Magic:  3/3        EV: 11    Int:  5    God:
Gold:   176        SH:  0    Dex: 12    Spells: 3/3 levels left

rFire    . . .     SeeInvis .   a - +0 quarterstaff
rCold    . . .     Faith    .   (shield currently unavailable)
rNeg     . . .     Spirit   .   e - +0 scale mail
rPois    .         Reflect  .   c - +0 hat
rElec    .         Harm     .   (no cloak)
rCorr    .         Rampage  .   (no gloves)
Will     .....                  (no boots)
Stlth    ..........             (no amulet)
HPRegen  0.19/turn              (no ring)
MPRegen  0.08/turn              (no ring)

@: berserking, lethally poisoned (-1 -> -16), very quick
A: retaliatory headbutt, horns 2
a: no special abilities


You were on level 3 of the Dungeon.
You visited 1 branch of the dungeon, and saw 3 of its levels.

You collected 176 gold pieces.

Inventory:

Hand Weapons
 a - a +0 quarterstaff (weapon)
 o - a +0 hunting sling
 v - a +3 club
Missiles
 d - 3 throwing nets (quivered)
 i - 137 stones
 k - 94 arrows
Armour
 c - a +0 hat (worn)
 e - a +0 scale mail (worn)
Wands
 u - a wand of iceblast (8)
Scrolls
 f - 3 scrolls of teleportation {unknown}
 g - 2 scrolls of magic mapping {unknown}
 h - 3 scrolls of blinking {unknown}
 j - a scroll of identify {unknown}
 l - a scroll of enchant armour {unknown}
 m - a scroll of fog {unknown}
 t - a scroll of random uselessness {unknown}
Potions
 p - a potion of ambrosia {unknown}
 q - a potion of experience {unknown}
 r - 2 potions of degeneration {unknown}
 s - a potion of heal wounds {unknown}


   Skills:
 - Level 3.4 Fighting
 * Level 5.0 Staves
 + Level 1.1(2.0) Slings
 - Level 2.3(2.4) Throwing
 - Level 2.0 Armour
 - Level 3.9 Dodging


You had 3 spell levels left.
You didn't know any spells.
Your spell library was empty.

Dungeon Overview and Level Annotations

Branches:
Dungeon (3/15)

Altars:

Annotations:
D:3 Sigmund


Innate Abilities, Weirdness & Mutations

You reflexively headbutt those who attack you in melee.
You have a pair of horns on your head.


Message History

The magic dart hits you!
It was a potion of cancellation.
You feel magically purged.
You feel sick.
It was a potion of berserk rage.
A red film seems to cover your vision as you go berserk!
You feel yourself moving faster!
You feel mighty!
You feel sick.
You are too berserk!
You feel a strong urge to attack something.
You feel sick. Something hits you.
* * * LOW HITPOINT WARNING * * *
You are lethally poisoned!
You barely miss something.
* * * LOW HITPOINT WARNING * * *
You feel sick.
You closely miss something.
* * * LOW HITPOINT WARNING * * *
You feel sick.
You closely miss something. You headbutt something.
* * * LOW HITPOINT WARNING * * *
You feel sick. Something hits you!
You die...

## ######## #.. ........
#......# #.# #.......
#......####.## #.......
#......##.... .......
#......##.#.# .....
#......##.#.# #..#
#......'@...########..#
#......##.............##
#......##############..#
#.............. ##.##
#..........(... #..#
#............(. ##.#
###............ #..
#............ ##'
#............ #..


There were no monsters in sight!

Vanquished Creatures
  Ijyb (D:3)
  Robin (D:2)
  3 adders
  2 worms (D:2)
  2 dart slugs
  2 leopard geckos
  3 giant cockroaches
  9 goblins
  8 hobgoblins
  4 jackals (D:2)
  4 kobolds
  A quokka (D:2)
  2 ball pythons
  5 bats
  4 frilled lizards
  8 rats
59 creatures vanquished.

Notes
Turn   | Place    | Note
-------+----------+-------------------------------------------
     0 | D:1      | tizbic2 the Minotaur Gladiator began the quest for the Orb.
     0 | D:1      | Reached XP level 1. HP: 18/18 MP: 0/0
   146 | D:1      | Reached XP level 2. HP: 17/25 MP: 1/1
   213 | D:1      | Reached skill level 4 in Staves
   457 | D:1      | Reached skill level 1 in Armour
   560 | D:2      | Reached XP level 3. HP: 26/30 MP: 2/2
   711 | D:2      | Noticed Robin
   718 | D:2      | Killed Robin
  1076 | D:2      | Reached XP level 4. HP: 37/37 MP: 3/3
  1142 | D:2      | Reached skill level 1 in Slings
  1584 | D:3      | Noticed Ijyb
  1598 | D:3      | Killed Ijyb
  1671 | D:3      | Reached skill level 5 in Staves
  1679 | D:3      | Noticed Sigmund
  1698 | D:3      | Slain by Sigmund

Illustrated notes

Levels and vault maps discovered:
D:1:      scummos_arrival_simple_crosswalls, layout_rooms,
          minmay_misc_feat_encased, solitary_fountain
D:2:      layout_loops_ring, kennysheep_potato, uniq_robin
D:3:      minmay_general_purpose_star, layout_basic, uniq_sigmund, uniq_ijyb,
          uniq_crazy_yiuf_cottage

Skill      XL: |  1  2  3  4 |
---------------+-------------+-----
Staves         | 4 5 |  5.0
Armour         | 1 2 |  2.0
Slings         | 1 |  1.1
Fighting       | 3 |  3.4
Throwing       | |  2.3
Dodging        | |  3.9

Action                   |  1- 3 |  4- 6 || total
-------------------------+-------+-------++-------
Melee: Quarterstaff      |    70 |    36 ||   106
       Headbutt          |    14 |     5 ||    19
 Fire: Hunting sling     |     9 |    17 ||    26
Throw: Stone             |    31 |       ||    31
  Use: Potion            |       |     2 ||     2
       Scroll            |       |     1 ||     1
Armor: Scale mail        |    24 |    11 ||    35
Dodge: Dodged            |    60 |    19 ||    79
